 Dungeon Crawl Stone Soup version 0.18.1-5-g4a78601 (webtiles) character file.

20 namelastname112 the Stinger (level 2, -2/22 HPs)
             Began as a Draconian Venom Mage on May 13, 2016.
             Slain by a gnoll
             ... wielding a +0 halberd
              (7 damage)
             ... on level 1 of the Dungeon.
             The game lasted 00:01:40 (480 turns).

namelastname112 the Stinger (Draconian Venom Mage)   Turns: 480, Time: 00:01:41

Health: -2/22      AC:  5    Str: 10    XL:     2   Next: 58%
Magic:  3/5        EV: 12    Int: 15    God:
Gold:   48         SH:  0    Dex: 11    Spells: 1 memorised, 4 levels left

rFire  . . .     SeeInvis .     c - +0 short sword
rCold  . . .     Gourm    .     (armour unavailable)
rNeg   . . .     Faith    .     (no shield)
rPois  .         Spirit   .     (helmet restricted)
rElec  .         Dismiss  .     l - +0 cloak
rCorr  .         Reflect  .     (no gloves)
SustAt .         Harm     .     (no boots)
MR     .....                    (no amulet)
Stlth  ++........               (no ring)
                                (no ring)

@: not resistant to hostile enchantments, unstealthy
A: unfitting armour, cold-blooded, AC +4
a: no special abilities


You were on level 1 of the Dungeon.
You were not hungry.

You visited 1 branch of the dungeon, and saw 1 of its levels.

You collected 48 gold pieces.

Inventory:

Hand Weapons
 c - a +0 short sword (weapon)
Armour
 l - a +0 cloak (worn)
Scrolls
 f - a scroll of identify {unknown}
 h - a scroll of teleportation {unknown}
Potions
 d - a potion of flight {unknown}
 e - a potion of brilliance {unknown}
 i - 2 potions of curing {unknown}
 j - a potion of haste {unknown}
Books
 a - a Young Poisoner's Handbook

   Spells                             Type                      Level
   a - Sting                          Conjuration/Poison           1
   b - Cure Poison                    Poison                       2
   c - Mephitic Cloud                 Conjuration/Poison/Air       3
   d - Olgreb's Toxic Radiance        Poison                       4
   e - Venom Bolt                     Conjuration/Poison           5
Comestibles
 b - a bread ration
 g - a beef jerky
 k - a meat ration


   Skills:
 + Level 0.7 Fighting
 + Level 2.0 Dodging
 - Level 1.7 Stealth
 + Level 2.3 Spellcasting
 * Level 1.2 Conjurations
 - Level 4.0 Poison Magic


You had 4 spell levels left.
You knew the following spells:

 Your Spells              Type           Power        Failure   Level  Hunger
z - Sting                 Conj/Pois      #...         10%         1    #......


Dungeon Overview and Level Annotations

Branches:
Dungeon (1/15)

Altars:


Innate Abilities, Weirdness & Mutations

Your plain brown scales are hard (AC +4).
Your body does not fit into most forms of armour.
You are cold-blooded and may be slowed by cold attacks.


Message History

Confirm with . or Enter, or press ? or * to list all spells.
Aiming: Sting
Press: ? - help, Shift-Dir - straight line, f/p - gnoll
Aim: a gnoll, wielding a halberd (moderately wounded)
The sting hits the gnoll.
The gnoll is heavily wounded.
You now have 3/5 mp.
The gnoll hits you from afar with a halberd!
* * * LOW HITPOINT WARNING * * *
You take 10 damage, and have 5/22 hp.
MASSIVE DAMAGE!!
Casting: Sting
Confirm with . or Enter, or press ? or * to list all spells.
Aiming: Sting
Press: ? - help, Shift-Dir - straight line, f/p - gnoll
Aim: a gnoll, wielding a halberd (heavily wounded)
The sting hits the gnoll.
The gnoll is heavily wounded.
You now have 3/5 mp.
The gnoll hits you from afar with a halberd!
You die...

#...#.######
#.# #..#.##
#.# ...##.#
#.# .#.. .#
#.# #...# .
#.# ..#..
#.# . # #g#
.# #.# #@#
#...#
#.#....
#.##...# ..#
#### .## .
#.


You could see a gnoll.

Vanquished Creatures
  2 dart slugs (D:1)
  A giant gecko (D:1)
  A ball python (D:1)
  A giant cockroach (D:1)
  A bat (D:1)
  A giant newt (D:1)
  A goblin (D:1)
  3 kobolds (D:1)
  6 rats (D:1)
17 creatures vanquished.

Notes
Turn   | Place    | Note
--------------------------------------------------------------
     0 | D:1      | namelastname112 the Draconian Venom Mage began the quest for the Orb.
     0 | D:1      | Reached XP level 1. HP: 14/14 MP: 3/3
     0 | D:1      | jacquesderrida: нномер
     0 | D:1      | jacquesderrida: мачи номер
     0 | D:1      | namelastname112: ща буду
    17 | D:1      | jacquesderrida: СПС
   145 | D:1      | Reached XP level 2. HP: 16/20 MP: 3/5
   262 | D:1      | Reached skill level 1 in Conjurations
   480 | D:1      | Slain by a gnoll

Skill      XL: |  1  2 |
---------------+-------+-----
Dodging        | 2 |  2.0
Conjurations   | 1 |  1.2
Fighting       | |  0.7
Stealth        | |  1.7
Spellcasting   | |  2.3
Poison Magic   | |  4.0

Action                   || total
-------------------------++-------
Melee: Unarmed           ||    13
       Tailslap          ||     2
       Short sword       ||     6
 Cast: Sting             ||    30
  Use: Scroll            ||     1
Armor: Skin              ||    16
Dodge: Dodged            ||    18
